 Dungeon Crawl Stone Soup version 0.30-b1-2-g02819fbbbe (webtiles) character file.

Game seed: 3849011025357467873

14 Alarkh the Slasher (level 2, 24/24 HPs)
             Began as a Demonspawn Chaos Knight on May 21, 2023.
             Was a Plaything of Xom.
             Got out of the dungeon alive.
             The game lasted 00:00:45 (497 turns).

Alarkh the Slasher (Demonspawn Chaos Knight)         Turns: 497, Time: 00:00:45

Health: 24/24      AC:  3    Str: 11 (12) XL:     2   Next: 27%
Magic:  2/2        EV: 11    Int: 13      God:    Xom [....*.]
Gold:   30         SH:  0    Dex: 12      Spells: 1/1 levels left

rFire   . . .        a - +0 falchion (chaos)
rCold   . . .        (no shield)
rNeg    . . .        b - +2 leather armour
rPois   .            (no helmet)
rElec   .            (no cloak)
rCorr   .            (no gloves)
SInv    .            (no boots)
Will    .....        (no amulet)
Stlth   +            (no ring)
HPRegen 0.24/turn    (no ring)
MPRegen 0.08/turn

%: no passive effects
@: no status effects
A: sanguine armour 1, hooves 1, deformed body, deterioration 1
a: Renounce Religion


You escaped.
You worshipped Xom.
You were a beloved toy of Xom.
You visited 1 branch of the dungeon, and saw 2 of its levels.

You collected 30 gold pieces.

Inventory:

Hand Weapons
 a - a +0 falchion of chaos (weapon)
Armour
 b - a +2 leather armour (worn)
Scrolls
 e - a scroll of brand weapon {unknown}
 f - a scroll of poison {unknown}
 g - a scroll of enchant weapon {unknown}
Potions
 d - a potion of mutation {unknown}
 h - a potion of curing {unknown}
Miscellaneous
 c - a piece from Xom's chessboard (15/15) (quivered)


   Skills:
 + Level 3.1 Fighting
 * Level 3.2 Long Blades
 - Level 1.7 Armour
 + Level 0.8 Dodging


You had one spell level left.
You didn't know any spells.
Your spell library contained the following spells:

 Spells                   Type           Power      Damage    Failure   Level
 Freeze                   Ice            0%         1d3       38%         1
 Frozen Ramparts          Ice            0%         1d1       77%         3
 Hailstorm                Conj/Ice       0%         3d3       77%         3


Dungeon Overview and Level Annotations

Branches:
Dungeon (2/15)

Altars:


Innate Abilities, Weirdness & Mutations

When seriously injured, your blood forms armour. (AC +0)
You have large cloven feet.
Armour fits poorly on your strangely shaped body.
Your body sometimes deteriorates upon taking damage.


Message History

A bat is nearby!
A bat is nearby!
You closely miss the bat. The bat hits you. The bat barely misses you.
You hit the bat.
You kill the bat!
No target in view!
No target in view!
No target in view!
No target in view!
No target in view!
No target in view!
No target in view!
There is a stone staircase leading down here.
Found an escape hatch in the ceiling.
You see here a +0 leather armour.
Found a stone staircase leading up.
An endoplasm comes into view.
The endoplasm quivers.
An endoplasm is nearby!
The endoplasm hits you but does no damage.
You hit the endoplasm.
You kick the endoplasm, but do no damage.
The endoplasm is heavily wounded.
The endoplasm hits you but does no damage.
You hit the endoplasm.
You kill the endoplasm!
No target in view!
You are now a beloved toy of Xom.
You can't go up here!
(D) Dungeon
Where to? (Enter - D:2 @ (x,y), ? - help)
There is an escape hatch in the ceiling here.
There is a stone staircase leading up here.
You climb upwards.
There is a stone staircase leading down here.
Found a scroll labelled TIULIN MECOPENOAX.
You see here 6 poisoned darts.
There is a staircase leading out of the dungeon here.
Are you sure you want to leave the Dungeon?
This will make you lose the game!
You have escaped!

#.....######## #.######.#..#.##
#####.###########.######.##)..##
# #.##..............##..#....#
#### #.##..............##..#.##.#
...###.##..###.######..##.....#.#
.......##..#........#..##...#.#..
.......##..#........#.....#.#.##.
..#.##.##...........#..####.#.# .
..#..#.##..#....@...#..# #.#.# #
.......##..#...........# ..#.#
.###...(...#........#..# .##.# .#
##..##..#........#..# #. .# .#
##.##..######.###..# #. ###
#?##.... .......# ..
.......##..... .....
######.######.# #### # #.# .#


There were no monsters in sight!

Vanquished Creatures
  An orc (D:2)
  2 bats (D:2)
  3 endoplasms
  A hobgoblin (D:1)
  2 ball pythons (D:2)
  A frilled lizard (D:2)
  2 kobolds
  A rat (D:1)
13 creatures vanquished.

Notes
Turn   | Place    | Note
-------+----------+-------------------------------------------
     0 | D:1      | Alarkh the Demonspawn Chaos Knight began the quest for the
                  | Orb.
     0 | D:1      | Reached XP level 1. HP: 18/18 MP: 1/1
   116 | D:1      | XOM: silly message
   144 | D:1      | XOM: give mutations
   144 | D:1      | Gained mutation: Your body sometimes deteriorates upon
                  | taking damage. [Xom's mischief]
   144 | D:1      | Gained mutation: You have large cloven feet. [Xom's
                  | mischief]
   144 | D:1      | Gained mutation: Armour fits poorly on your strangely
                  | shaped body. [Xom's mischief]
   148 | D:1      | a ball python changed into a shapeshifter
   148 | D:1      | Noticed a shapeshifter (shapeshifter)
   148 | D:1      | XOM: polymorph ball python -> shapeshifter
   148 | D:1      | a shapeshifter changed into a raiju
   148 | D:1      | Noticed a raiju (shapeshifter)
   278 | D:2      | XOM: butterfly on damage
   284 | D:2      | Gained mutation: When seriously injured, your blood forms
                  | armour. (AC +0) [demonic ancestry]
   284 | D:2      | Reached XP level 2. HP: 24/24 MP: 2/2
   497 | D:$      | Got out of the dungeon alive.

Illustrated notes

Levels and vault maps discovered:
D:1:      lemuel_arrival_room, layout_rooms
D:2:      layout_basic, minmay_misc_feat_x

Skill      XL: |  1 |
---------------+----+-----
Long Blades    | 3 |  3.2
Fighting       | |  3.1
Armour         | |  1.7
Dodging        | |  0.8

Action                     || total
---------------------------++-------
  Melee: Falchion          ||    34
         Kick              ||     2
 Armour: Leather armour    ||    11
  Dodge: Dodged            ||    19
